 Dungeon Crawl Stone Soup version 0.32-a0-460-gc8eefc90e7 (webtiles) character file.

Game seed: 12865939634864882670

108 Morbidden the Shooter (level 5, -2/39 HPs)
             Began as a Formicid Hunter on Feb 24, 2024.
             Slain by Pargi (3 damage)
             ... on level 3 of the Dungeon.
             The game lasted 00:02:25 (2103 turns).

Morbidden the Shooter (Formicid Hunter)             Turns: 2103, Time: 00:02:26

Health: -2/39      AC:  6    Str: 16    XL:     5   Next: 12%
Magic:  5/5        EV: 10    Int:  8    God:
Gold:   150        SH:  0    Dex: 19    Spells: 4/4 levels left

rFire   . . .        a - +0 shortbow
rCold   . . .        (no shield)
rNeg    . . .        o - +0 scale mail
rPois   .            (helmet unavailable)
rElec   .            (cloak currently unavailable)
rCorr   .            (gloves currently unavailable)
SInv    +            (boots currently unavailable)
Will    .....        (no amulet)
Stlth   +            (no ring)
HPRegen 0.26/turn    (no ring)
MPRegen 0.09/turn

%: no passive effects
@: mighty, beast-form
A: beast (slay +0), permanent stasis, dig shafts and tunnels, antennae 3, four
strong arms
a: Dig, Shaft Self, Begin Untransformation


You were on level 3 of the Dungeon.
You were a hulking beast.
You visited 1 branch of the dungeon, and saw 3 of its levels.

You collected 150 gold pieces.

Inventory:

Hand Weapons
 a - a +0 shortbow (weapon)
 b - a +0 long sword of protection
 k - a +1 dagger of draining
Armour
 o - a +0 scale mail (worn)
Jewellery
 f - a ring of ice
Talismans
 d - a beast talisman (active)
Scrolls
 g - a scroll of vulnerability
 j - a scroll of noise {unknown}
 n - a scroll of enchant armour {unknown}
 p - a scroll of enchant weapon {unknown}
Potions
 l - a potion of haste {unknown}
 m - a potion of attraction {unknown}


   Skills:
 * Level 2.5 Fighting
 * Level 0.8 Long Blades
 * Level 5.1 Ranged Weapons
 * Level 1.8 Armour
 * Level 2.0 Dodging
 + Level 1.3 Stealth
 * Level 0.9 Shapeshifting


You had 4 spell levels left.
You didn't know any spells.
Your spell library contained the following spells:

 Spells                   Type           Power      Damage    Failure   Level
 Leda's Liquefaction      Alch/Erth      0%         N/A       100%        4
 Lee's Rapid Deconstruct  Erth           0%         3d4*      100%        5
 Bombard                  Conj/Erth      0%         9d1       100%        6


Dungeon Overview and Level Annotations

Branches:
Dungeon (3/15)

Altars:

Annotations:
D:3 Pargi


Innate Abilities, Weirdness & Mutations

You are a hulking beast.
Your limbs bulge with bestial killing power. (Slay +0)
You cannot be hasted, slowed, berserked, paralysed or teleported.
You can dig through walls and to a lower floor.
You have a pair of large antennae on your head. (SInv)
Your four strong arms can wield two-handed weapons with a shield.


Message History

The arrow closely misses the orc.
Pargi bites you but does no damage. Pargi closely misses you.
Pargi completely misses you.
Unknown command.
You shoot an arrow. The arrow hits Pargi.
Pargi is almost dead.
Pargi bites you.
* * * LOW HITPOINT WARNING * * *
Pargi closely misses you. Pargi misses you.
Unknown command.
Unknown command.
Okay, then.
It was a potion of curing.
You feel better. Pargi bites you.
* * * LOW HITPOINT WARNING * * *
Pargi claws you but does no damage. Pargi claws you.
* * * LOW HITPOINT WARNING * * *
Unknown command.
Unknown command.
You shoot an arrow. The arrow hits Pargi.
Pargi is almost dead.
Pargi bites you.
* * * LOW HITPOINT WARNING * * *
Pargi claws you but does no damage. Pargi closely misses you.
Pargi looks around nervously.
Pargi bites you.
* * * LOW HITPOINT WARNING * * *
Pargi closely misses you. Pargi claws you but does no damage.
Unknown command.
You shoot an arrow. The arrow hits Pargi.
Pargi is almost dead.
An orc comes into view. It is wielding a +0 club.
Pargi bites you but does no damage. Pargi barely misses you.
Pargi closely misses you.
Unknown command.
Unknown command.
Unknown command.
It was a potion of might.
You feel very mighty all of a sudden.
The orc shouts!
Pargi bites you.
You die...

#### ##...##
#h.# .###
#######T###....
...b...o.#..#
...b.......#
.#b####..#.# ..
#..#...
#.o###### {{
###<....... #.
#...#######


You could see Pargi and 2 orcs.

Vanquished Creatures
  2 adders
  3 gnolls
  3 dart slugs (D:1)
  A ribbon worm (D:2)
  4 orcs
  A ball python (D:2)
  3 endoplasms (D:1)
  A giant cockroach (D:1)
  10 goblins
  4 hobgoblins
  A quokka (D:1)
  5 bats
  5 frilled lizards
  2 kobolds (D:1)
  4 rats
49 creatures vanquished.

Notes
Turn   | Place    | Note
-------+----------+-------------------------------------------
     0 | D:1      | Morbidden the Formicid Hunter began the quest for the Orb.
     0 | D:1      | Reached XP level 1. HP: 16/16 MP: 1/1
    81 | D:1      | Reached XP level 2. HP: 22/22 MP: 2/2
   220 | D:1      | Reached skill level 1 in Armour
   220 | D:1      | Reached XP level 3. HP: 27/27 MP: 3/3
   652 | D:2      | Reached XP level 4. HP: 34/34 MP: 4/4
   849 | D:2      | Reached skill level 5 in Ranged Weapons
  2049 | D:3      | Noticed Pargi
  2051 | D:3      | Reached XP level 5. HP: 39/39 MP: 5/5
  2099 | D:3      | HP: 1/39 [Pargi (5)]
  2103 | D:3      | Slain by Pargi

Illustrated notes

Levels and vault maps discovered:
D:1:      minmay_arrival_jagged, layout_rooms, serial_glass, glass_columns_a,
          glass_columns_a
D:2:      layout_basic, guppyfry_early_orc_mine
D:3:      kennysheep_the_goblin_king, layout_loops_ring,
          mainiacjoe_overflow_concentric_impassable,
          chequers_serial_rivers_marsh, dreamdust_princess_bridge, uniq_pargi,
          uniq_jessica

Skill      XL: |  1  2  3  4 |
---------------+-------------+-----
Armour         | 1 |  1.8
Ranged Weapons | 5 |  5.1
Dodging        | 2 |  2.0
Fighting       | |  2.5
Long Blades    | |  0.8
Stealth        | |  1.3
Shapeshifting  | |  0.9

Action                     |  1- 3 |  4- 6 || total
---------------------------+-------+-------++-------
  Melee: Long sword        |       |    17 ||    17
   Fire: Shortbow          |    67 |    62 ||   129
    Use: Scroll            |       |     3 ||     3
         Potion            |       |     2 ||     2
 Armour: Leather armour    |     5 |       ||     5
         Scale mail        |       |    78 ||    78
  Dodge: Dodged            |     8 |    56 ||    64
   Form: Beast             |     1 |       ||     1

Table legend: (Time is in decaauts)
 A = Elapsed time spent in this place.
 B = Non-inter-level travel time spent in this place.
 C = Inter-level travel time spent in this place.
 D = Time resting spent in this place.
 E = Time spent auto-exploring this place.
 F = Levels seen in this place.
 G = Mean time per level.
                   A        B        C        D        E       F      G
               +--------+--------+--------+--------+--------+-----+--------+
         Total |   2141 |   2082 |     59 |    306 |   1423 |   3 |  713.7 |
       Dungeon |   2141 |   2082 |     59 |    306 |   1423 |   3 |  713.7 |
               +--------+--------+--------+--------+--------+-----+--------+

Top non-repeatable levels by time:
     D:2: 1245 daAuts
     D:1: 819 daAuts
     D:3: 76 daAuts
